cohdb
Replays
Latest Replays
All Replays
Popular Replays
Top Player Replays
Match Explorer
How It Works
Community
CoH3 Stats
Reddit
Sign in to upload your games and track your stats! →
Sign in with Steam
Match 20113128
Unlisted
Match 20113128
Overview
Messages
Build Orders
End
Selects Airborne Battlegroup
Selects Pathfinders
Pathfinder Squad
Construct Barracks
Riflemen Squad
Riflemen Squad
Infantry Support Center
Selects Paratrooper Squad Paradrop
Paratrooper Squad Paradrop
Paratrooper Squad Paradrop
M1918 Browning Automatic Rifles
Construct Medical Station
Selects Anti-tank Gun Team Paradrop
Anti-tank Gun Team Paradrop
Selects Recon Loiter
Construct Tank Depot
Selects Paradrop Reinforcements
M18 Hellcat Tank Destroyer
Engineer Squad
Selects Dual P-47 Rocket Strike
Dual P-47 Rocket Strike
M18 Hellcat Tank Destroyer
Sorry
MonoChrome
Henkka12345
Sh@dow
0
0
Comments
sign in to comment!
No comments posted yet!